AoeStats
← Big mike

Black Forest

509294881Analyzed
2v2 RM · 7d ago on Sep 26, 2026· 54m 33s· 4 players
Game mode
Random Map
Map size
Medium (4 player)
Population
200
Speed
Normal
Resources
Standard
Victory
Conquest
Starting age
Dark Age
Ending age
Imperial Age
RankedLock teamsTeams togetherTeam positionsShared explorationLock speedFull tech treeHidden civsTurbo modeCheats
Victory
Defeat
🇺🇸 Koreans · United States
865
+17
🇺🇸 Persians · United States
845
+17
🇺🇸 Vikings · United States
885
-48
🇿🇦 Cumans · South Africa
880
-17
挖西玖桃
1:10 Loom
14:00 Feudal Age
19:58 Castle Age
18:35 Double-Bit Axe
20:35 Wheelbarrow
21:57 Bow Saw
23:12 Fishing Lines
24:54 Fletching
29:15 Hand Cart
30:02 Bodkin Arrow
31:54 Medium Warships
32:00 Medium Warships
35:17 Caravan
39:48 Imperial Age
37:33 Crossbowman
38:21 Thumb Ring
40:27 Arbalester
40:31 Elite Skirmisher
41:39 Ballistics
42:21 Chemistry
42:45 Bracer
44:23 Two-Man Saw
43:06 Horse Collar
46:58 Block Printing
46:54 Fervor
46:46 Devotion
47:08 Sanctity
46:46 Herbal Medicine
47:26 Theocracy
46:24 Heavy Rocket Cart
52:20 Eupseong
52:45 Shinkichon
angelachang0220
10:32 Feudal Age
14:56 Castle Age
13:45 Double-Bit Axe
23:12 Crossbowman
30:54 Imperial Age
29:34 Horse Collar
30:08 Kamandaran
31:37 Thumb Ring
33:28 Padded Archer Armor
33:19 Fletching
34:01 Ballistics
36:12 Wheelbarrow
36:02 Leather Archer Armor
35:42 Bodkin Arrow
37:40 Hand Cart
37:26 Heavy Plow
37:38 Bow Saw
38:02 Ring Archer Armor
37:19 Fishing Lines
39:46 Elite Skirmisher
41:34 Two-Man Saw
41:10 Caravan
41:56 Husbandry
42:07 Bloodlines
41:18 Cavalier
43:26 Gillnets
45:33 Chemistry
44:41 Scale Barding Armor
44:48 Forging
45:09 Heavy Scorpion
47:16 Savar
49:51 Chain Barding Armor
50:07 Iron Casting
54:31 Plate Barding Armor
54:57 Blast Furnace
hirak_raja
3:31 Loom
19:00 Feudal Age
19:29 Horse Collar
19:38 Town Watch
24:23 Gold Mining
28:28 Arson
29:35 Stone Mining
32:08 Padded Archer Armor
32:04 Fletching
32:17 Scale Mail Armor
32:14 Man-at-Arms
33:15 Forging
39:15 Castle Age
39:29 Light Cavalry
41:19 Gold Shaft Mining
40:48 Town Patrol
40:54 Heavy Plow
40:30 Crossbowman
41:14 Squires
40:35 Pikeman
41:20 Bodkin Arrow
41:01 Elite Skirmisher
45:01 Chieftains
Big mike
0:26 Loom
14:09 Feudal Age
15:36 Wheelbarrow
14:57 Double-Bit Axe
16:23 Wheelbarrow
15:32 Horse Collar
22:30 Castle Age
21:36 Stone Mining
22:52 Scale Mail Armor
23:03 Forging
24:17 Hand Cart
26:18 Pikeman
28:06 Bow Saw
28:58 Gold Mining
29:24 Heavy Plow
31:27 Caravan
34:48 Gold Shaft Mining
35:20 Elite Skirmisher
36:02 Padded Archer Armor
35:53 Fletching
37:11 Leather Archer Armor
37:10 Squires
37:55 Town Watch
38:35 Ballistics
38:36 Bodkin Arrow
41:27 Chain Mail Armor
41:48 Iron Casting
42:34 Town Patrol
45:17 Imperial Age
46:38 Ring Archer Armor
46:38 Plate Mail Armor
47:09 Blast Furnace
45:33 Halberdier
45:35 Heavy Cavalry Archer
46:56 Crop Rotation
48:00 Two-Man Saw
47:40 Parthian Tactics
Connection lost

Rejoining the realm…

Still unreachable

The connection could not be restored.

Session expired

The server has moved on; the page needs a fresh start.